 Dungeon Crawl Stone Soup version 0.24.0-125-gc4c63601f3 (webtiles) character file.

Game seed: 8668663077517003103, levelgen mode: deterministic

101 MisterOstroum the Cutter (level 4, -6/25 HPs)
             Began as a Deep Elf Chaos Knight on Mar 13, 2020.
             Was a Plaything of Xom.
             Mangled by a gnoll
             ... wielding a +0 halberd
              (7 damage)
             ... on level 3 of the Dungeon.
             The game lasted 00:05:29 (3735 turns).

MisterOstroum the Cutter (Deep Elf Chaos Knight)    Turns: 3735, Time: 00:05:30

Health: -6/25      AC:  6    Str: 10    XL:     4   Next: 48%
Magic:  6/6        EV: 12    Int: 17    God:    Xom [....*.]
Gold:   131        SH:  0    Dex: 14    Spells: 3/3 levels left

rFire    . . .     SeeInvis .   a - +0 short sword (chaos)
rCold    . . .     Gourm    .   (no shield)
rNeg     . . .     Faith    .   b - +2 leather armour
rPois    .         Spirit   .   d - +0 helmet
rElec    .         Reflect  .   (no cloak)
rCorr    .         Harm     .   (no gloves)
MR       .....                  (no boots)
Stlth    +.........             (no amulet)
HPRegen  0.08/turn              (no ring)
MPRegen  0.10/turn              (no ring)

@: drained
A: frail 1
a: Renounce Religion


You were on level 3 of the Dungeon.
You worshipped Xom.
You were a beloved toy of Xom.
You were not hungry.

You visited 1 branch of the dungeon, and saw 3 of its levels.

You collected 131 gold pieces.

Inventory:

Hand Weapons
 a - a +0 short sword of chaos (weapon)
Missiles
 f - 93 stones
 h - 38 arrows
 i - 24 bolts
 j - 2 throwing nets {!f}
 n - 15 poisoned darts (quivered)
 p - 5 silver javelins
 r - 37 sling bullets
Armour
 b - a +2 leather armour (worn)
 d - a +0 helmet (worn)
Scrolls
 c - 4 scrolls of identify {@r1}
 g - 2 scrolls of blinking
 k - 2 scrolls of magic mapping
 m - 2 scrolls of fear {unknown}
 q - a scroll of enchant armour {unknown}
 t - 3 scrolls of remove curse {unknown}
 v - a scroll of teleportation {unknown}
 w - a scroll of fog {unknown}
Potions
 l - 2 potions of degeneration
 o - a potion of lignification {@q6}
 s - a potion of brilliance
 u - a potion of haste {@q4 !q}
Comestibles
 e - 6 rations


   Skills:
 * Level 3.2(2.3) Fighting
 * Level 3.9(2.9) Short Blades
 - Level 0.7(0.0) Armour
 + Level 3.0(2.1) Dodging
 + Level 1.9(1.0) Stealth


You had 3 spell levels left.
You didn't know any spells.
Your spell library was empty.

Dungeon Overview and Level Annotations

Branches:
Dungeon (3/15)

Altars:
Wu Jian
Xom

Annotations:
D:3 1 runed translucent door, Crazy Yiuf, Sigmund


Innate Abilities, Weirdness & Mutations

You are frail. (-10% HP)


Message History

No target in view!
No target in view!
No target in view!
No target in view!
No target in view!
c - 6 scrolls of identify {@r1} (gained 1)
A gnoll comes into view. It is wielding a +0 whip.
As you read the scroll of identify {@r1}, it crumbles to dust.
s - a potion of brilliance
As you read the scroll of identify {@r1}, it crumbles to dust.
u - a potion of haste The gnoll shouts!
You hear a shout! x2
A gnoll comes into view.
The gnoll shouts!
You barely miss the gnoll. The gnoll hits you but does no damage.
You closely miss the gnoll. The gnoll hits you but does no damage.
You hit the gnoll but do no damage.
The gnoll glows gleaming white for a moment.
The gnoll misses you.
You closely miss the gnoll. The gnoll hits you with a +0 whip.
You hit the gnoll. You burn the gnoll.
The gnoll is severely wounded.
The gnoll hits you with a +0 whip!
You emit a cloud of colourful smoke!
Unknown command.
You hit the gnoll.
You feel better.
You kill the gnoll!
Xom asks Qazlal to spice things up a little.
Sigmund gestures wildly while chanting.
Sigmund flickers and vanishes!
Deactivating autopickup; reactivate with Ctrl-A.
A magic dart appears from out of thin air!
The magic dart hits you.
There is a stone staircase leading up here.
The gnoll hits you but does no damage.
You climb upwards.
Reactivating autopickup.
There is a stone staircase leading down here.
You closely miss the gnoll. The gnoll hits you.
* * * LOW HITPOINT WARNING * * *
You hit the gnoll but do no damage.
The gnoll is poisoned.
The gnoll hits you.
* * * LOW HITPOINT WARNING * * *
You hit the gnoll. You burn the gnoll.
The gnoll is heavily wounded.
The gnoll hits you.
* * * LOW HITPOINT WARNING * * *
You kill the gnoll!
Things that are here:
a +1 dagger of venom; a +0 club
There is an escape hatch in the ceiling here.
There is a stone staircase leading down here.
Eating one of 2 chunks of flesh.
You eat one of the 2 chunks of flesh.
This raw flesh tastes terrible.
There is a stone staircase leading down here.
You start resting.
All of the chunks of flesh in your inventory have rotted away.
HP restored.
You climb downwards.
Level annotation: 1 runed translucent door, Crazy Yiuf, Sigmund
There is a stone staircase leading up here.
Things that are here:
a +0 whip; a gnoll skeleton
r - 37 sling bullets (gained 13)
w - a scroll labeled GAINIZOALL You open the door.
There is an open door here.
You open the door.
There is an open door here.
You open the door.
A bat comes into view.
A bat is nearby!
A bat is nearby!
Xom smirks.
You detect items!
The helpless bat fails to defend itself.
You puncture the bat!
You kill the bat!
No target in view!
No target in view!
The gnoll is too close now for your liking.
A gnoll is nearby!
The gnoll shouts!
Throwing (i - inventory. (/) - cycle)
n - 16 poisoned darts (quivered)
Press: ? - help, Shift-Dir - straight line, f - gnoll
Aim: a gnoll, wielding a +0 halberd You throw a poisoned dart.
The poisoned dart hits the gnoll.
The gnoll is poisoned.
The gnoll hits you with a +0 halberd!
Ouch! That really hurt!
You are too injured to fight recklessly!
You are too injured to fight recklessly!
You are too injured to fight recklessly!
You barely miss the gnoll.
The gnoll is lightly wounded.
The gnoll hits you with a +0 halberd!
* * * LOW HITPOINT WARNING * * *
You hit the gnoll. You drain the gnoll.
The gnoll is severely wounded.
The gnoll hits you with a +0 halberd!
You die...

#. ..... .. ... . ... #.
#.# #.###.# ∆ #...#.#
#..#.# # #....######
###.##.#(g@....##
..........####..##
###.##...........# #...
##..###.###.##
#######.#####..# #.# #..#
..<......))....###'###..#
###.########...###_'....#
##§g# ###.###'###..#
...## #.# #.# #..#


You could see a gnoll.

Vanquished Creatures
  2 gnolls
  An adder (D:3)
  2 oozes
  4 dart slugs
  2 ball pythons
  5 giant cockroaches (D:1)
  10 goblins
  7 hobgoblins
  2 jackals (D:2)
  5 kobolds
  A quokka (D:2)
  3 bats
  4 frilled lizards
  3 rats
51 creatures vanquished.

Vanquished Creatures (others)
  A ball python (D:3)
1 creature vanquished.

Grand Total: 52 creatures vanquished

Notes
Turn   | Place    | Note
-------+----------+-------------------------------------------
     0 | D:1      | MisterOstroum the Deep Elf Chaos Knight began the quest for
                  | the Orb.
     0 | D:1      | Reached XP level 1. HP: 13/13 MP: 3/3
    54 | D:1      | XOM: potion effect (haste)
   181 | D:1      | XOM: divination: detect creatures
   432 | D:1      | Reached XP level 2. HP: 18/18 MP: 4/4
   547 | D:1      | XOM: 7-stop teleportation journey
   554 | D:1      | Reached skill level 1 in Stealth
   719 | D:1      | XOM: harmless Pois miscast
   722 | D:1      | XOM: swap monsters
   797 | D:1      | Reached XP level 3. HP: 19/22 MP: 5/5
   826 | D:1      | XOM: harmless Hex miscast
   975 | D:1      | XOM: summons 1 hostile demon
  1013 | D:1      | XOM: mild Air miscast
  1631 | D:1      | XOM is BORED!
  1631 | D:1      | XOM: give mutation
  1631 | D:1      | Gained mutation: You are frail. (-10% HP) [Xom's mischief]
  1922 | D:1      | XOM: cloud trail
  1946 | D:1      | Paralysed by you for 5 turns
  2489 | D:2      | XOM: 7-stop teleportation journey
  2551 | D:2      | XOM: scenery: create altars
  2563 | D:2      | XOM: god gift: scroll labeled JUTIODW FUFUNYJEI {god gift}
  2815 | D:3      | Reached XP level 4. HP: 23/25 MP: 6/6
  2923 | D:3      | Found an ornate altar of the Wu Jian Council.
  2972 | D:3      | Noticed Sigmund
  3198 | D:3      | XOM: draining
  3222 | D:3      | Found a runed translucent door.
  3223 | D:3      | Noticed Crazy Yiuf
  3368 | D:3      | XOM: smoke on damage
  3374 | D:3      | XOM: fog
  3721 | D:3      | XOM: divination: detect items
  3734 | D:3      | HP: 1/25 [gnoll/+0 halberd (10)]
  3735 | D:3      | Mangled by a gnoll

Levels and vault maps discovered:
D:1:      kennysheep_arrival_seaside, layout_basic
D:2:      layout_basic, first_ration
D:3:      layout_rooms, nemelex_xobeh_ov_fountains_minmay, lemuel_doored_altar,
          uniq_ijyb, uniq_grinder, uniq_crazy_yiuf_cottage, uniq_robin,
          uniq_sigmund

Skill      XL: |  1  2  3  4 |
---------------+-------------+-----
Stealth        | 1 |  1.9
Fighting       | 3 |  3.2
Dodging        | 3 |  3.0
Short Blades   | |  3.9
Armour         | |  0.7

Action                   |  1- 3 |  4- 6 || total
-------------------------+-------+-------++-------
Melee: Short sword       |   143 |    31 ||   174
Throw: Dart              |     4 |     1 ||     5
       Throwing net      |     2 |       ||     2
       Stone             |     1 |       ||     1
  Use: Scroll            |     5 |     2 ||     7
 Stab: Sleeping          |     4 |     1 ||     5
       Held in net/web   |     1 |       ||     1
  Eat: Chunk             |     2 |     3 ||     5
       Ration            |     1 |       ||     1
Armor: Leather armour    |    40 |     6 ||    46
Dodge: Dodged            |    91 |    11 ||   102
